[Event "The Kvibergspelen 2024"]
[Site "Kviberg Park Hotel & Conference, Krutvagen 2, Gothenburg, Sweden"]
[Date "2024.09.06"]
[Round "2.1"]
[White "Kucuksari, Kaan"]
[Black "Lilliehook, Victor"]
[Result "1-0"]
[TimeControl "15 minutes + 5 seconds per move from move one (Round 1 - 4) / 90 minutes + 30 seconds per move from move one (Round 5 - 8)"]
[WhiteTitle "IM"]
[WhiteFideId "6380166"]
[BlackFideId "1752103"]
[WhiteElo "2455"]
[BlackElo "2017"]

1. d4 d5 2. Nf3 e6 3. Bf4 c5 4.
e3 cxd4 5. exd4 Nc6 6. c3 Bd6 7. Bxd6 Qxd6 8.
Bd3 Nge7 9. O-O f6 10. Re1 O-O 11. Qc2 Kh8 12. Qe2 Bd7 13. Na3 a6 14. c4 Nb4 15. c5 Qc7 16. Nc2 Nxd3 17.
Qxd3 Rae8 18. Qc3 Ng6 19. Nb4 Bc6 20. Nd3 Nf4 21. Rad1 g5 22. Nxf4 Qxf4 23. Rd3 g4 24. g3 Qc7 25.
Nh4 e5 26. Rde3 e4 27. Ng2 h5 28. Nf4 Qh7 29. h4 Qf5 30. b4 Kh7 31. Qb3 Kh6 32. a4 Qd7 33. Ra1 Rb8 34. Qd1 b5 35. cxb6 Rxb6 36. Qd2 Qe7 37.
Rc3 Rxb4 38. Nxd5+ e3 39. Rxe3 Qb7 40. Re7+ Kg6 41. Nf4+ Kf5 42. Qc2+ Be4 43. Qc5+ 1-0

[Event "The Kvibergspelen 2024"]
[Site "Kviberg Park Hotel & Conference, Krutvagen 2, Gothenburg, Sweden"]
[Date "2024.09.06"]
[Round "2.2"]
[White "Wickstrom, Carina"]
[Black "Sorensen, Hampus"]
[Result "0-1"]
[TimeControl "15 minutes + 5 seconds per move from move one (Round 1 - 4) / 90 minutes + 30 seconds per move from move one (Round 5 - 8)"]
[BlackTitle "IM"]
[WhiteFideId "1743201"]
[BlackFideId "8703884"]
[WhiteElo "2015"]
[BlackElo "2420"]

1. Nf3 Nf6 2. g3 b6 3. Bg2 Bb7 4.
O-O g6 5. d3 Bg7 6. e4 d6 7. Nc3 O-O 8. h3 c5 9. Nh4 Nc6 10. Be3 Rb8 11. Qd2 Re8 12. f4 a6 13. a4 Nd4 14.
f5 b5 15. axb5 axb5 16. Ra7 b4 17. Nd5 Bxd5 18. exd5 Qb6 19. Rfa1 Rb7 20. R7a6 Qd8 21. fxg6 hxg6 22. Nf3 Nxf3+ 23. Bxf3 Nd7 24. d4 cxd4 25. Bxd4 Bxd4+ 26. Qxd4 Ne5 27. Bg2 Qc7 28. Qd2 Qc4 29. R1a4 Rc8 30. c3 Qc5+ 31. Kh2 bxc3 32.
bxc3 Qxc3 33. Qf4 Rb2 34. Ra2 Nf3+ 35. Qxf3 Qxf3 36. Rxb2 Qd3 37. Ra4 Rc3 38. Rg4 Kg7 39. Rf2 0-1

[Event "The Kvibergspelen 2024"]
[Site "Kviberg Park Hotel & Conference, Krutvagen 2, Gothenburg, Sweden"]
[Date "2024.09.06"]
[Round "2.3"]
[White "Arman, Deniz"]
[Black "Ostensson, Julia"]
[Result "1-0"]
[TimeControl "15 minutes + 5 seconds per move from move one (Round 1 - 4) / 90 minutes + 30 seconds per move from move one (Round 5 - 8)"]
[WhiteTitle "FM"]
[WhiteFideId "6302106"]
[BlackFideId "1747703"]
[WhiteElo "2348"]
[BlackElo "2016"]

1. e4 c5 2. Nf3 e6 3. d4 cxd4 4. Nxd4 a6 5. Nc3 b5 6. Bd3 Bb7 7. Qe2 Nc6 8. Nxc6 Bxc6 9. O-O Qb8 10. f4 Bc5+ 11. Kh1 b4 12.
Nd5 Nf6 13. Nxf6+ gxf6 14. Be3 Bxe3 15. Qxe3 Qa7 16. Qxa7 Rxa7 17. a3 bxa3 18. Rxa3 Ke7 19. b4 Raa8 20. Kg1 Rhg8 21. g3 h5 22. Kf2 h4 23. Rg1 hxg3+ 24. Rxg3 Rh8 25. h3 Rh4 26. Ke3 d6 27. Ra5 Rhh8 28.
c3 Rab8 29. Rxa6 Bd7 30. Ra5 f5 31. exf5 Kf6 32. fxe6 Bxe6 33. f5 Bd7 34. Rd5 Rb6 35. Kd2 Ba4 36. b5 Bb3 37. c4 Rc8 38.
Rd4 Ba4 39. Be2 Rb7 40. Ra3 Ra7 41. Rxd6+ Ke5 42. Rd5+ Ke4 43. Re3+ Kf4 44. Rd4+ Kg5 45. Ra3 Rh8 46. b6 Ra5 47.
Rd5 Rxd5+ 48. cxd5 Bd7 49. Ra7 Bxf5 50. Rxf7 Rb8 51. b7 Be4 52. Bc4 Kg6 53. Rc7 Kf5 54. Ke3 Bg2 55. Kd4 Bxh3 56. d6 Kf6 57. Rf7+ Kg6 58. Bd5 Bg2 59. Re7 Bh3 60. d7 Rd8 61.
Re8 Rxd7 62. b8=Q 1-0

[Event "The Kvibergspelen 2024"]
[Site "Kviberg Park Hotel & Conference, Krutvagen 2, Gothenburg, Sweden"]
[Date "2024.09.06"]
[Round "2.4"]
[White "Thyberg, Andre"]
[Black "Lindberg, Bengt"]
[Result "0-1"]
[TimeControl "15 minutes + 5 seconds per move from move one (Round 1 - 4) / 90 minutes + 30 seconds per move from move one (Round 5 - 8)"]
[BlackTitle "IM"]
[WhiteFideId "1764764"]
[BlackFideId "1700359"]
[WhiteElo "1994"]
[BlackElo "2337"]

1. e4 c5 2. d4 cxd4 3. c3 Nf6 4. e5 Nd5 5. Nf3 e6 6. cxd4 d6 7. Bd3 Nc6 8. O-O Ndb4 9. Bb5 a6 10.
Ba4 b5 11. Bb3 dxe5 12. dxe5 Qxd1 13. Rxd1 Na5 14. Nc3 Nxb3 15. axb3 Bb7 16. Bg5 Be7 17. Bxe7 Kxe7 18. Ng5 Rhd8 19.
Nce4 Bxe4 20. Nxe4 Nd3 21. Kf1 Nxe5 22. Rxd8 Kxd8 23. Nc5 Kc7 24. Rxa6 Rxa6 25. Nxa6+ Kb6 26. Nb4 Ka5 27. Nc2 Nd3 28.
Ke2 Nf4+ 29. Kf3 Nd5 30. Ke4 Kb6 31. b4 Ne7 32. Ke5 Kc7 33. Kd4 Kd6 34. Na3 Nc6+ 35. Kc3 Na7 36. Kd4 f6 37.
f4 Kc6 38. Nb1 Nc8 39. Nd2 Ne7 40. Ne4 Nd5 41. Nc5 Nxf4 42. g3 e5+ 43. Ke4 Nd5 44. Ne6 g6 45. Nf8 Kd6 46. Nxh7 f5+ 47.
Kf3 e4+ 48. Ke2 Ke5 49. Nf8 g5 50. Nh7 g4 51. Ng5 Nxb4 52. Nf7+ Kd5 53. Nh6 Ke6 54. Ke3 Nd3 55. b3 Nc5 56.
b4 Nd3 57. Kd4 Nxb4 58. Kc5 e3 0-1

[Event "The Kvibergspelen 2024"]
[Site "Kviberg Park Hotel & Conference, Krutvagen 2, Gothenburg, Sweden"]
[Date "2024.09.06"]
[Round "2.5"]
[White "Ostlund, Joar"]
[Black "Frisk, Hans"]
[Result "1-0"]
[TimeControl "15 minutes + 5 seconds per move from move one (Round 1 - 4) / 90 minutes + 30 seconds per move from move one (Round 5 - 8)"]
[WhiteTitle "FM"]
[WhiteFideId "1735020"]
[BlackFideId "1708570"]
[WhiteElo "2335"]
[BlackElo "1994"]

1. d4 Nf6 2. c4 e6 3. Nf3 b6 4. a3 Bb7 5. Bf4 Be7 6. Nc3 d6 7. d5 e5 8. Bd2 a5 9. e4 Nbd7 10.
Bd3 O-O 11. b4 axb4 12. axb4 c6 13. dxc6 Bxc6 14. O-O Rxa1 15. Qxa1 Qa8 16. Qb1 Rc8 17. h3 Nf8 18. Be3 Qb7 19.
g3 Ne6 20. Nd5 Bd8 21. Rc1 Be8 22. Nc3 Bc6 23. Nd2 Be7 24. Qb2 Ra8 25. f3 Nh5 26. Kg2 Bg5 27. Bxg5 Nxg5 28. h4 Ne6 29.
Ne2 Qe7 30. Ra1 Rxa1 31. Qxa1 Qb7 32. Qc3 g6 33. Bc2 Qe7 34. Nf1 Qf6 35. Ne3 Kg7 36. Ng4 Qe7 37. Qe3 Kg8 38. Qxb6 Bb7 39.
Ba4 f5 40. exf5 gxf5 41. Nh6+ Kh8 42. Nxf5 Qf6 1-0

[Event "The Kvibergspelen 2024"]
[Site "Kviberg Park Hotel & Conference, Krutvagen 2, Gothenburg, Sweden"]
[Date "2024.09.06"]
[Round "2.6"]
[White "Grahn, Vidar"]
[Black "Bengtsson, Siv"]
[Result "1-0"]
[TimeControl "15 minutes + 5 seconds per move from move one (Round 1 - 4) / 90 minutes + 30 seconds per move from move one (Round 5 - 8)"]
[WhiteTitle "FM"]
[WhiteFideId "1744780"]
[BlackFideId "1701673"]
[WhiteElo "2219"]
[BlackElo "1972"]

1. d4 Nf6 2. c4 e6 3.
Nf3 Bb4+ 4. Nbd2 O-O 5. g3 d6 6. Bg2 Nbd7 7. O-O e5 8. dxe5 Nxe5 9. Nxe5 dxe5 10. a3 Bc5 11. b4 Bd4 12.
Rb1 Bf5 13. e4 Be6 14. Qc2 b6 15. Nf3 c5 16. Rd1 Qc7 17. bxc5 bxc5 18. Bb2 Nd7 19. Ne1 Nb6 20. Bf1 f5 21.
Bxd4 cxd4 22. c5 Nd7 23. Bc4 Bxc4 24. Qxc4+ Kh8 25. exf5 Qxc5 26. Qe6 Qc8 27. Rdc1 Qe8 28. Rb7 Qxe6 29. fxe6 Nf6 30. Rcc7 e4 31. Nc2 d3 32. Ne3 Rfd8 33.
Rxg7 d2 34. Rgf7 Rac8 35. Rxf6 Rc1+ 36. Kg2 Re1 37. e7 Rg8 38. Rf8 Rxe3 39. Rxg8+ Kxg8 40. e8=Q# 1-0

[Event "The Kvibergspelen 2024"]
[Site "Kviberg Park Hotel & Conference, Krutvagen 2, Gothenburg, Sweden"]
[Date "2024.09.06"]
[Round "2.7"]
[White "Dingertz, Gustav"]
[Black "Nord, Alexander"]
[Result "0-1"]
[TimeControl "15 minutes + 5 seconds per move from move one (Round 1 - 4) / 90 minutes + 30 seconds per move from move one (Round 5 - 8)"]
[BlackTitle "CM"]
[WhiteFideId "1767917"]
[BlackFideId "1738135"]
[WhiteElo "1938"]
[BlackElo "2209"]

1. e4 e6 2. d4 d5 3. e5 c5 4. c3 Nc6 5. Nf3 Qb6 6. a3 c4 7. Be2 Na5 8. Nbd2 Bd7 9. O-O Ne7 10.
h3 Nc8 11. Nh2 Qc7 12. Qe1 Nb6 13. f4 O-O-O 14. Bd1 Be7 15. Kh1 Rdf8 16. Bc2 f5 17. exf6 gxf6 18. Nhf3 f5 19. Ne5 Kb8 20.
Rb1 Nc8 21. b4 Nc6 22. b5 Nd8 23. a4 Nd6 24. Ba3 Bc8 25. Bxd6 Bxd6 26. Qc1 Rhg8 27. Qb2 Rg3 28. Bd1 Nf7 29.
Bf3 Nh6 30. Rf2 Ng8 31. a5 Qxa5 32. Ra1 Qb6 33. Nf1 Rg7 34. Qb1 Ka8 35. Rfa2 Bb8 36. Qb2 Nf6 37. Ra3 Ne4 38. R1a2 Rfg8 39.
Qa1 h6 40. Ne3 Qxb5 41. Rxa7+ Bxa7 42. Rxa7+ Kb8 43. Ra5 Qb6 44. Qa3 Rg3 45. Nc2 Nf2+ 46.
Kg1 Nxh3+ 47. Kf1 Nxf4 48. Nb4 Kc7 49. Qa4 Nd3 50. Nbxd3 cxd3 51.
Rb5 Qa6 52. Ra5 Qb6 53. Rb5 Qa6 54.
Ra5 Qd6 55. Rc5+ Kb8 56. Qb5 Rxf3+ 57. gxf3 d2 58. Nc6+ Qxc6 59. Rxc6 d1=Q+ 60. Kf2 Qg1+ 0-1

[Event "The Kvibergspelen 2024"]
[Site "Kviberg Park Hotel & Conference, Krutvagen 2, Gothenburg, Sweden"]
[Date "2024.09.06"]
[Round "2.8"]
[White "Andersson, Johan"]
[Black "Larsen, Linus"]
[Result "1-0"]
[TimeControl "15 minutes + 5 seconds per move from move one (Round 1 - 4) / 90 minutes + 30 seconds per move from move one (Round 5 - 8)"]
[WhiteFideId "1703935"]
[BlackFideId "1715275"]
[WhiteElo "2158"]
[BlackElo "1952"]

1. e4 e5 2. Nf3 Nc6 3. c3 Nf6 4. d4 Nxe4 5. d5 Ne7 6. Nxe5 Ng6 7. Qf3 Nxe5 8. Qxe4 Qe7 9. Be3 d6 10.
Nd2 Ng6 11. Qa4+ Bd7 12. Qb3 O-O-O 13. O-O-O Kb8 14. Qa3 b6 15. Ba6 f5 16. Rhe1 Qf7 17. Nb3 Re8 18. Na5 f4 19. Bd4 Rxe1 20.
Rxe1 Qxd5 21. Nb3 Ne5 22. Rd1 Nc4 23. Qb4 Na5 24. Bxb6 Nxb3+ 25. axb3 Qxd1+ 26. Kxd1 axb6 27. Qxf4 Ka7 28.
Bd3 Be7 29. Qf7 Re8 30. Bxh7 Bc6 31. Be4 Bd7 1-0

[Event "The Kvibergspelen 2024"]
[Site "Kviberg Park Hotel & Conference, Krutvagen 2, Gothenburg, Sweden"]
[Date "2024.09.06"]
[Round "2.9"]
[White "Johansson, Roy"]
[Black "Muntean, Victor"]
[Result "0-1"]
[TimeControl "15 minutes + 5 seconds per move from move one (Round 1 - 4) / 90 minutes + 30 seconds per move from move one (Round 5 - 8)"]
[WhiteFideId "1745972"]
[BlackFideId "1054414"]
[WhiteElo "1936"]
[BlackElo "2158"]

1. d4 Nf6 2. Bf4 g6 3. e3 Bg7 4. h3 O-O 5. Nf3 d6 6. Be2 Nbd7 7. O-O c5 8. c3 Qb6 9. Qb3 Re8 10. Nbd2 e5 11. Bh2 e4 12.
Ne1 cxd4 13. cxd4 d5 14. Nc2 Bf8 15. Rac1 a5 16. Qxb6 Nxb6 17. Na3 Bxa3 18. bxa3 Bd7 19. Rb1 Re6 20.
Nb3 Na4 21. Rfc1 Rc6 22. Be5 Ne8 23. Rxc6 Bxc6 24. Rc1 f6 25. Bg3 Ng7 26. Nc5 Nxc5 27. Rxc5 Ne6 28. Rc1 Kf7 29. Bg4 f5 30.
Bd1 Ra6 31. Rb1 b5 32. Be2 Rb6 33. Be5 Nf8 34. Bc7 Rb7 35. Bxa5 Ra7 36. Bb4 Nd7 37. Rc1 Ra6 38. Kh2 Nb8 39.
Kg3 Ke6 40. h4 Ra7 41. Rc5 Rb7 42. h5 g5 43. f3 Kf6 44. fxe4 dxe4 45. d5 Bd7 46. d6 Na6 47. Rc2 Rb6 48.
Rd2 Ke6 49. Bd1 Nxb4 50. axb4 Ke5 51. Bb3 f4+ 52. exf4+ gxf4+ 53. Kg4 0-1

[Event "The Kvibergspelen 2024"]
[Site "Kviberg Park Hotel & Conference, Krutvagen 2, Gothenburg, Sweden"]
[Date "2024.09.06"]
[Round "2.10"]
[White "Mashhadi, Peyman"]
[Black "Stedman, Theodor"]
[Result "1-0"]
[TimeControl "15 minutes + 5 seconds per move from move one (Round 1 - 4) / 90 minutes + 30 seconds per move from move one (Round 5 - 8)"]
[WhiteFideId "1768581"]
[BlackFideId "1756230"]
[WhiteElo "2148"]
[BlackElo "1932"]

1. Nf3 d5 2. c4 e6 3. d4 Nf6 4. g3 c6 5. Bg2 Bd6 6. O-O O-O 7. Nc3 Qc7 8. c5 Be7 9. a3 a5 10.
Bf4 Qd8 11. Na4 Nbd7 12. Qb3 Ne4 13. Ne5 Nxe5 14. Bxe4 Nc4 15. Rfd1 g5 16. Bc1 Rb8 17. Bd3 b5 18. Nc3 e5 19.
Bxc4 dxc4 20. Qc2 exd4 21. Ne4 f5 22. Nd6 Bxd6 23. Rxd4 f4 24. Rxd6 Qe7 25. b3 Qe5 26. Bb2 cxb3 27.
Qxb3+ Be6 28. Rxe6 Qd5 29. Qc3 Rb7 30. Qh8+ Kf7 31. Rf6+ 1-0

[Event "The Kvibergspelen 2024"]
[Site "Kviberg Park Hotel & Conference, Krutvagen 2, Gothenburg, Sweden"]
[Date "2024.09.06"]
[Round "2.11"]
[White "Harila, Per"]
[Black "Frank, Anton"]
[Result "1-0"]
[TimeControl "15 minutes + 5 seconds per move from move one (Round 1 - 4) / 90 minutes + 30 seconds per move from move one (Round 5 - 8)"]
[WhiteFideId "1707248"]
[BlackFideId "1752383"]
[WhiteElo "1922"]
[BlackElo "2142"]

1. d4 d5 2. c4 e6 3. Nc3 c5 4. cxd5 cxd4 5. Qa4+ Bd7 6. Qxd4 exd5 7. Qxd5 Nf6 8. Qb3 Na6 9. Nf3 Nc5 10. Qc2 Rc8 11. g3 Nce4 12.
Bg2 Bb4 13. Bd2 O-O 14. O-O Bf5 15. Qa4 Bxc3 16. Bxc3 Nxc3 17. bxc3 a6 18. c4 Be4 19. Rac1 Qc7 20. Qa3 Rfd8 21.
e3 Bd3 22. Rfd1 Bxc4 23. Rxd8+ Qxd8 24. Nd4 Bd5 25. Bxd5 Rxc1+ 26. Qxc1 Nxd5 27. Qc5 g6 28. a4 Qd7 29. a5 Nf6 30.
Kg2 h5 31. h4 Kg7 32. f3 Nd5 33. e4 Ne7 34. Qe5+ Kh7 35. Qf6 Ng8 36. Qe5 Ne7 37. Qf6 Ng8 38. Qe5 Qc8 39. Qd5 Kg7 40. Qe5+ Kh7 41. Qd5 Qc7 42.
e5 Qe7 43. f4 Kg7 44. f5 Kh7 45. fxg6+ fxg6 46. Qd6 Qxd6 47. exd6 Nf6 48. Ne6 Kg8 49. Nd8 Kf8 50. Nxb7 Ke8 51. Nc5 Kd8 52. Kf3 Nd7 53.
Nxa6 Kc8 54. Kf4 Kb7 55. Nb4 Nc5 56. Kg5 Ne4+ 57. Kxg6 Nxg3 58. a6+ Ka7 59. d7 Ne4 60. d8=Q Nc5 61.
Qd4 Kb6 62. Qxc5+ Kxc5 63. a7 Kb6 64. a8=Q Kc7 65. Qa5+ Kb7 66. Qxh5 Ka7 67. Qd5 Kb6 68. h5 Ka7 69. h6 Kb6 70. h7 Kc7 71. h8=Q Kb6 72. Qf6+ Kc7 73. Qdc6+ Kb8 74. Qd8+ Ka7 75. Qdb6# 1-0

[Event "The Kvibergspelen 2024"]
[Site "Kviberg Park Hotel & Conference, Krutvagen 2, Gothenburg, Sweden"]
[Date "2024.09.06"]
[Round "2.12"]
[White "Rajcevski, Dejan"]
[Black "Ottgard, Andreas"]
[Result "0-1"]
[TimeControl "15 minutes + 5 seconds per move from move one (Round 1 - 4) / 90 minutes + 30 seconds per move from move one (Round 5 - 8)"]
[WhiteFideId "1759027"]
[BlackFideId "1730592"]
[WhiteElo "2131"]
[BlackElo "1931"]

1. c4 Nf6 2. g3 g6 3. Nc3 Bg7 4.
Bg2 d6 5. d3 O-O 6. Nf3 c6 7. O-O Nbd7 8. Bd2 e5 9. Rb1 a5 10. b3 Qe7 11. Qc1 Rd8 12. a3 d5 13. cxd5 cxd5 14.
Bg5 Nf8 15. d4 e4 16. Ne5 Ne6 17. Be3 Ne8 18. f4 Nf8 19. h3 h5 20. Qc2 f6 21. Nxd5 Rxd5 22. Bxe4 Rd8 23. Qc4+ Kh7 24.
f5 fxe5 25. fxg6+ Nxg6 26. Qc2 Ra6 27. d5 Bxh3 28. Rf2 Bh6 29. Bxh6 Kxh6 30. Kh2 Bg4 31. Rbf1 Ng7 32. Rf7 Qe8 33.
R7f6 Rxf6 34. Rxf6 Nf5 35. Bxf5 Bxf5 36. Qxf5 Rxd5 37. Re6 Qg8 38. g4 hxg4 39. Qxg4 Rd4 40. Qf5 Rh4+ 41. Kg1 Rf4 42.
Qh3+ Rh4 43. Qe3+ Kh7 44. Kf1 Qf7+ 0-1

[Event "The Kvibergspelen 2024"]
[Site "Kviberg Park Hotel & Conference, Krutvagen 2, Gothenburg, Sweden"]
[Date "2024.09.06"]
[Round "2.13"]
[White "Degerfeldt, Sven"]
[Black "Nilsson, Patrik"]
[Result "0-1"]
[TimeControl "15 minutes + 5 seconds per move from move one (Round 1 - 4) / 90 minutes + 30 seconds per move from move one (Round 5 - 8)"]
[WhiteFideId "1717430"]
[BlackFideId "1708171"]
[WhiteElo "1915"]
[BlackElo "2124"]

1. d4 f5 2. g3 Nf6 3. Bg2 g6 4. Nc3 Bg7 5. e4 fxe4 6. Nxe4 Nxe4 7. Bxe4 d5 8. Bg2 Nc6 9. c3 O-O 10. Be3 Be6 11. Nf3 Qd7 12.
h3 h6 13. Qd2 g5 14. O-O-O Bf5 15. Ne1 Qd6 16. h4 g4 17. Nd3 Na5 18. Bf4 Qa6 19. Bxd5+ e6 20. Nb4 Qb6 21. Bb3 Nxb3+ 22. axb3 a5 23. Nd3 a4 24. b4 a3 25. b3 Qa6 26. Kb1 b6 27. Ka2 Rad8 28. Ne5 c5 0-1

[Event "The Kvibergspelen 2024"]
[Site "Kviberg Park Hotel & Conference, Krutvagen 2, Gothenburg, Sweden"]
[Date "2024.09.06"]
[Round "2.14"]
[White "Ask, Josef"]
[Black "Helin, Mikael"]
[Result "1-0"]
[TimeControl "15 minutes + 5 seconds per move from move one (Round 1 - 4) / 90 minutes + 30 seconds per move from move one (Round 5 - 8)"]
[WhiteTitle "FM"]
[BlackTitle "CM"]
[WhiteFideId "1704583"]
[BlackFideId "1703838"]
[WhiteElo "2106"]
[BlackElo "1921"]

1. b3 c5 2. Bb2 Nc6 3. f4 d6 4. Nf3 Bg4 5. e3 Bxf3 6. Qxf3 a6 7. a3 Nf6 8. g4 d5 9. g5 Ng8 10.
f5 h6 11. g6 fxg6 12. fxg6 Nf6 13. Bh3 Qd6 14. O-O h5 15. b4 b6 16. Nc3 Ne5 17. Qf5 Rh6 18. Nb5 axb5 19. Bxe5 e6 20.
Qg5 Ne4 21. Bxd6 Nxg5 22. Rxf8+ Kd7 23. Rxa8 Kxd6 24. bxc5+ bxc5 25. Ra6+ Ke5 26. Bg2 Rxg6 27. Kh1 h4 28. h3 Nh7 29. c3 c4 30. a4 b4 31. cxb4 Nf6 32.
Rf1 Nh5 33. Kh2 Ng3 34. Rf4 Nf5 35. Rg4 Rf6 36. Rg5 g6 37. b5 d4 38. e4 Kf4 39. Rg4+ Ke5 40. exf5 gxf5 41. Rxh4 c3 42. dxc3 d3 43. Rd4 f4 44. Rxd3 1-0

[Event "The Kvibergspelen 2024"]
[Site "Kviberg Park Hotel & Conference, Krutvagen 2, Gothenburg, Sweden"]
[Date "2024.09.06"]
[Round "2.15"]
[White "Olsson, Thomas"]
[Black "Lehtonen, Ture"]
[Result "0-1"]
[TimeControl "15 minutes + 5 seconds per move from move one (Round 1 - 4) / 90 minutes + 30 seconds per move from move one (Round 5 - 8)"]
[WhiteFideId "1702696"]
[BlackFideId "1712446"]
[WhiteElo "1902"]
[BlackElo "2099"]

1. e4 d6 2. d4 Nf6 3. f3 c5 4. Ne2 cxd4 5. Nxd4 e6 6. Nc3 Be7 7. Be3 O-O 8. Qd2 a6 9. g4 Nc6 10.
g5 Nd7 11. h4 Nde5 12. Be2 d5 13. f4 Nxd4 14. Bxd4 Nc6 15. Bf2 dxe4 16. Nxe4 Qc7 17. O-O-O Rd8 18. Qe3 Rxd1+ 19. Rxd1 Nb4 20.
Nc3 Bd7 21. Kb1 Bc6 22. Bf3 Bxf3 23. Qxf3 Rc8 24. Rc1 Bd6 25. Be3 b5 26. Qf2 Qc4 27. Rd1 Bf8 28. Rd4 Qc7 29. Rd2 Qb7 30.
Rd1 a5 31. h5 a4 32. a3 Nc6 33. Na2 b4 34. axb4 Nxb4 35. Nxb4 Qxb4 36. Qd2 Qe4 37.
Qd3 Qc6 38. g6 f5 39. gxh7+ Kxh7 40. Rg1 Qf3 41. Rg6 Qxh5 42. Rxe6 Qf7 43. Ra6 a3 44. b3 Re8 45. Ra7 Qh5 46.
Bc1 Re1 47. Ra5 g6 48. Ra7+ Bg7 49. Qd4 Qh6 50. Rb7 a2+ 51. Kxa2 Rxc1 52. b4 Rxc2+ 53. Kb3 Re2 54. Ka4 Re4 55.
Qf6 Rxf4 56. Kb5 g5 0-1

[Event "The Kvibergspelen 2024"]
[Site "Kviberg Park Hotel & Conference, Krutvagen 2, Gothenburg, Sweden"]
[Date "2024.09.06"]
[Round "2.16"]
[White "Andersson, Robert"]
[Black "Torres, Lucas"]
[Result "1/2-1/2"]
[TimeControl "15 minutes + 5 seconds per move from move one (Round 1 - 4) / 90 minutes + 30 seconds per move from move one (Round 5 - 8)"]
[WhiteFideId "1703226"]
[BlackFideId "1769464"]
[WhiteElo "2098"]
[BlackElo "1915"]

1. e4 e6 2. d3 d5 3. Nd2 Nf6 4. Ngf3 c5 5. g3 Nc6 6. Bg2 Bd6 7. O-O O-O 8. Re1 Qc7 9. Qe2 dxe4 10.
Nxe4 Nxe4 11. Qxe4 h6 12. c3 f5 13. Qh4 Be7 14. Qh5 Bf6 15. Be3 b6 16. d4 cxd4 17. Bxd4 Bxd4 18. Nxd4 Nxd4 19.
cxd4 Bb7 20. Bxb7 Qxb7 21. Rxe6 Qd5 22. Rxh6 gxh6 23. Qg6+ Kh8 24. Qxh6+ Kg8 25. Qg6+ 1/2-1/2

[Event "The Kvibergspelen 2024"]
[Site "Kviberg Park Hotel & Conference, Krutvagen 2, Gothenburg, Sweden"]
[Date "2024.09.06"]
[Round "2.17"]
[White "Olsson, Stefan"]
[Black "Sjoholm, Emil"]
[Result "1/2-1/2"]
[TimeControl "15 minutes + 5 seconds per move from move one (Round 1 - 4) / 90 minutes + 30 seconds per move from move one (Round 5 - 8)"]
[WhiteFideId "1737325"]
[BlackFideId "1720449"]
[WhiteElo "1896"]
[BlackElo "2092"]

1. e4 e5 2. Nf3 Nc6 3. Bb5 Nf6 4. d3 Bc5 5. O-O Nd4 6. Nxd4 Bxd4 7. c3 Bb6 8. Nd2 c6 9. Ba4 O-O 10. Nf3 d6 11. h3 h6 12.
Qe2 Qe7 13. Be3 Nh5 14. d4 Nf4 15. Bxf4 exf4 16. e5 Bf5 17. Bc2 Bxc2 18. Qxc2 Bc7 19. Rfe1 dxe5 20. Nxe5 Rfe8 21. Qf5 Qe6 22. Qxe6 Rxe6 23. Nf3 Rae8 24. Rxe6 Rxe6 25. Re1 g5 26. Kf1 Kg7 27.
Re2 Kg6 28. Ke1 h5 29. Kd2 g4 30. hxg4 hxg4 31. Ne1 Kf5 32.
Kd3 Bd8 33. f3 Bh4 34. fxg4+ Kxg4 35.
Nf3 Bf6 36. Rxe6 fxe6 37. Ke2 Kg3 38. Kf1 Kg4 39. Ke2 Kf5 40. Kd3 b5 41. a3 a5 42. Ne1 e5 43. dxe5 Bxe5 44. Nf3 c5 45.
Nxe5 Kxe5 46. b4 cxb4 47. cxb4 axb4 48. axb4 Kd5 49. Kc3 Ke4 50. Kd2 Kd4 51. Ke2 Kc4 52. Kf3 Kxb4 53. Kxf4 Kc5 54. g4 b4 55. g5 b3 56. g6 b2 57. g7 b1=Q 58. g8=Q Qf1+ 59. Ke5 Qe2 60. Kf6 Qf3+ 61. Kg7 1/2-1/2

[Event "The Kvibergspelen 2024"]
[Site "Kviberg Park Hotel & Conference, Krutvagen 2, Gothenburg, Sweden"]
[Date "2024.09.06"]
[Round "2.18"]
[White "Schriever-Abeln, Marius"]
[Black "Johansson, William"]
[Result "1/2-1/2"]
[TimeControl "15 minutes + 5 seconds per move from move one (Round 1 - 4) / 90 minutes + 30 seconds per move from move one (Round 5 - 8)"]
[WhiteFideId "1752650"]
[BlackFideId "1744070"]
[WhiteElo "2069"]
[BlackElo "1899"]

1. d4 Nf6 2. c4 e6 3. Nf3 b6 4. g3 Bb7 5. Bg2 Bb4+ 6. Bd2 Qe7 7. a3 Bxd2+ 8. Qxd2 c5 9. O-O cxd4 10.
Nxd4 Bxg2 11. Kxg2 O-O 12. Nc3 Rc8 13. Qd3 Qc5 14. b3 d5 15. Na4 dxc4 16. Nxc5 cxd3 17.
Nxd3 Nc6 18. Nxc6 Rxc6 19. Rac1 Rac8 1/2-1/2

[Event "The Kvibergspelen 2024"]
[Site "Kviberg Park Hotel & Conference, Krutvagen 2, Gothenburg, Sweden"]
[Date "2024.09.06"]
[Round "2.19"]
[White "Frank, Valentin"]
[Black "Wahlstrom, Lennart"]
[Result "0-1"]
[TimeControl "15 minutes + 5 seconds per move from move one (Round 1 - 4) / 90 minutes + 30 seconds per move from move one (Round 5 - 8)"]
[WhiteFideId "1785982"]
[BlackFideId "1706829"]
[WhiteElo "1768"]
[BlackElo "2058"]

1. e4 e5 2. Bc4 Nf6 3. Nc3 Nxe4 4. Nxe4 d5 5. Bxd5 Qxd5 6. f3 Bc5 7. Nxc5 Qxc5 8. c3 Nc6 9. Ne2 O-O 10.
b4 Qb6 11. Ng3 a5 12. bxa5 Rxa5 13. Rf1 Re8 14. d3 Be6 15. Rf2 Rd5 16. Kf1 Red8 17. Rd2 Rxd3 18. Rxd3 Bc4 19. Ne2 Bxd3 20.
Qb3 Qa6 21. Qb2 Na5 22. Kf2 Nc4 0-1

[Event "The Kvibergspelen 2024"]
[Site "Kviberg Park Hotel & Conference, Krutvagen 2, Gothenburg, Sweden"]
[Date "2024.09.06"]
[Round "2.20"]
[White "Krilovs, Nikolajs"]
[Black "Andren, Patrik"]
[Result "1-0"]
[TimeControl "15 minutes + 5 seconds per move from move one (Round 1 - 4) / 90 minutes + 30 seconds per move from move one (Round 5 - 8)"]
[WhiteFideId "11603100"]
[BlackFideId "1767135"]
[WhiteElo "2054"]
[BlackElo "1895"]

1. c4 e5 2. Nc3 Nc6 3. g3 f5 4. e4 Nf6 5. Bg2 Bc5 6. Nge2 d6 7. O-O O-O 8. d3 Qe8 9. Be3 Nd4 10.
Bxd4 Bxd4 11. Nxd4 exd4 12. Nb5 fxe4 13. Nxc7 Qf7 14. Nxa8 Bg4 15. f3 exf3 16. Bxf3 Bh3 17. Bd5 Bxf1 18.
Bxf7+ Rxf7 19. Qxf1 Ng4 20. Qh3 Ne3 21. Qe6 g6 22. Re1 Kg7 23. Rxe3 1-0